TOP OF THE 1ST |
Los Angeles (NYP) Dodgers batting - Pitching for Tri-City Dust Devils : RHP Nick Goodlow
|
Pitching: RHP Nick Goodlow
|
|
Batting: RHB Chad Rojas
|
0-0: Called Strike 0-1: Called Strike 0-2: Ball 1-2: Ground out U3 (Groundball, 34, EV 88.1 MPH)
|
Batting: RHB Adam Maczko
|
0-0: Ball 1-0: Called Strike 1-1: Foul Ball, location: 2F 1-2: Strikes out swinging
|
Batting: RHB Tommy Hunter
|
0-0: Ball 1-0: Called Strike 1-1: Fly out, F9 (Flyball, 9LM, EV 88.1 MPH)
|
Top of the 1st over - 0 runs, 0 hits, 0 errors, 0 left on base; Los Angeles (NYP) 0 - Tri-City 0 |
BOTTOM OF THE 1ST |
Tri-City Dust Devils batting - Pitching for Los Angeles (NYP) Dodgers : RHP Loc Pham
|
Pitching: RHP Loc Pham
|
|
Batting: LHB Ramon Vega
|
0-0: SINGLE (Groundball, 4MD, EV 101.2 MPH)
|
Batting: SHB Yutaro Takahashi
|
0-0: Ball 1-0: Ball 2-0: Ball 3-0: Base on Balls Ramon Vega to second
|
Batting: SHB Isaiah Scates
|
0-0: Ball 1-0: Ball 2-0: Foul Ball, location: 2F 2-1: Ball 3-1: Called Strike 3-2: Foul Ball, location: 2F 3-2: Strikes out swinging
|
Batting: RHB Hector Fernandez
|
0-0: Ball 1-0: Foul Ball, location: 2F 1-1: Ball 2-1: Fly out, F8 (Flyball, 8LS, EV 88.8 MPH)
|
Batting: LHB Phil Lerner
|
0-0: Fly out, F8 (Flyball, 8RD, EV 96.9 MPH)
|
Bottom of the 1st over - 0 runs, 1 hit, 0 errors, 2 left on base; Los Angeles (NYP) 0 - Tri-City 0 |
TOP OF THE 2ND |
Los Angeles (NYP) Dodgers batting - Pitching for Tri-City Dust Devils : RHP Nick Goodlow
|
Batting: RHB Juan Gallegos
|
0-0: Ground out 6-3 (Groundball, 6, EV 108.1 MPH)
|
Batting: RHB Manny Mendoza
|
0-0: Called Strike 0-1: Called Strike 0-2: Foul Ball, location: 2F 0-2: Fly out, F8 (Flyball, 89XD, EV 101.2 MPH)
|
Batting: LHB Fernão Manta
|
0-0: Foul Ball, location: 2F 0-1: Hit by Pitch
|
Batting: RHB Brad Brady
|
0-0: Swinging Strike 0-1: Swinging Strike 0-2: Ball 1-2: Strikes out looking
|
Top of the 2nd over - 0 runs, 0 hits, 0 errors, 1 left on base; Los Angeles (NYP) 0 - Tri-City 0 |
BOTTOM OF THE 2ND |
Tri-City Dust Devils batting - Pitching for Los Angeles (NYP) Dodgers : RHP Loc Pham
|
Batting: RHB Phil McFadden
|
0-0: Ball 1-0: Called Strike 1-1: Swinging Strike 1-2: Strikes out swinging
|
Batting: RHB Max Stillo
|
0-0: Ball 1-0: Fly out, F3 (Popup, 3S, EV 74.4 MPH)
|
Batting: RHB Oren Jones
|
0-0: Called Strike 0-1: Foul Ball, location: 2F 0-2: Ball 1-2: Foul Ball, location: 2F 1-2: Strikes out swinging
|
Bottom of the 2nd over - 0 runs, 0 hits, 0 errors, 0 left on base; Los Angeles (NYP) 0 - Tri-City 0 |
TOP OF THE 3RD |
Los Angeles (NYP) Dodgers batting - Pitching for Tri-City Dust Devils : RHP Nick Goodlow
|
Batting: SHB Josh Vaill
|
0-0: Ball 1-0: Called Strike 1-1: Foul Ball, location: 2F 1-2: Ball 2-2: Strikes out swinging
|
Batting: LHB Bobby Gambrell
|
0-0: Ball 1-0: Foul Ball, location: 2F 1-1: SINGLE (Line Drive, 4D, EV 101.2 MPH)
|
Batting: RHB Chad Rojas
|
0-0: Called Strike 0-1: Called Strike Bobby Gambrell is caught stealing 2nd base 2-4 0-2: Ball 1-2: Strikes out swinging
|
Top of the 3rd over - 0 runs, 1 hit, 0 errors, 0 left on base; Los Angeles (NYP) 0 - Tri-City 0 |
BOTTOM OF THE 3RD |
Tri-City Dust Devils batting - Pitching for Los Angeles (NYP) Dodgers : RHP Loc Pham
|
Batting: RHB Ed Oake
|
0-0: Ground out 1-3 (Groundball, 13S, EV 64.4 MPH)
|
Batting: LHB Ramon Vega
|
0-0: Ball 1-0: Ball 2-0: Called Strike 2-1: Ball 3-1: Called Strike 3-2: Base on Balls
|
Batting: SHB Yutaro Takahashi
|
0-0: Ball Ramon Vega steals 2nd, throwing error, E2 Ramon Vega to third 1-0: Ball 2-0: Foul Ball, location: 2F 2-1: SINGLE (Flyball, 8LS, EV 95.6 MPH) Ramon Vega scores
|
Batting: SHB Isaiah Scates
|
0-0: Ball Yutaro Takahashi steals 2nd base 1-0: Ball 2-0: Ball 3-0: Called Strike 3-1: Foul Ball, location: 2F 3-2: Foul Ball, location: 2F 3-2: Fly out, F8 (Flyball, 8LS, EV 94.4 MPH)
|
Batting: RHB Hector Fernandez
|
0-0: Called Strike 0-1: Ground out 4-3 (Groundball, 4, EV 99.4 MPH)
|
Bottom of the 3rd over - 1 run, 1 hit, 1 error, 1 left on base; Los Angeles (NYP) 0 - Tri-City 1 |
TOP OF THE 4TH |
Los Angeles (NYP) Dodgers batting - Pitching for Tri-City Dust Devils : RHP Nick Goodlow
|
Batting: RHB Adam Maczko
|
0-0: Ball 1-0: Foul Ball, location: 2F 1-1: Ball 2-1: Foul Ball, location: 2F 2-2: Strikes out swinging
|
Batting: RHB Tommy Hunter
|
0-0: Called Strike 0-1: Ball 1-1: Fly out, F6 (Popup, 6, EV 80.0 MPH)
|
Batting: RHB Juan Gallegos
|
0-0: Ball 1-0: Swinging Strike 1-1: Swinging Strike 1-2: Ball 2-2: Strikes out swinging
|
Top of the 4th over - 0 runs, 0 hits, 0 errors, 0 left on base; Los Angeles (NYP) 0 - Tri-City 1 |
BOTTOM OF THE 4TH |
Tri-City Dust Devils batting - Pitching for Los Angeles (NYP) Dodgers : RHP Loc Pham
|
Batting: LHB Phil Lerner
|
0-0: Ball 1-0: Foul Ball, location: 2F 1-1: Fly out, F3 (Line Drive, 3L, EV 66.2 MPH)
|
Batting: RHB Phil McFadden
|
0-0: Ball 1-0: Swinging Strike 1-1: Ball 2-1: Fly out, F8 (Flyball, 8LD, EV 105.0 MPH)
|
Batting: RHB Max Stillo
|
0-0: Ball 1-0: Ball 2-0: Called Strike 2-1: Foul Ball, location: 2F 2-2: Ground out U3 (Groundball, 34, EV 91.9 MPH)
|
Bottom of the 4th over - 0 runs, 0 hits, 0 errors, 0 left on base; Los Angeles (NYP) 0 - Tri-City 1 |
TOP OF THE 5TH |
Los Angeles (NYP) Dodgers batting - Pitching for Tri-City Dust Devils : RHP Nick Goodlow
|
Batting: RHB Manny Mendoza
|
0-0: Ball 1-0: Called Strike 1-1: Ball 2-1: Ball 3-1: Fly out, F9 (Flyball, 9S, EV 75.0 MPH)
|
Batting: LHB Fernão Manta
|
0-0: Ball 1-0: Called Strike 1-1: Called Strike 1-2: Strikes out swinging
|
Batting: RHB Brad Brady
|
0-0: Ball 1-0: Ball 2-0: Called Strike 2-1: Swinging Strike 2-2: Strikes out looking
|
Top of the 5th over - 0 runs, 0 hits, 0 errors, 0 left on base; Los Angeles (NYP) 0 - Tri-City 1 |
BOTTOM OF THE 5TH |
Tri-City Dust Devils batting - Pitching for Los Angeles (NYP) Dodgers : RHP Loc Pham
|
Batting: RHB Oren Jones
|
0-0: Ball 1-0: Ball 2-0: SINGLE (Groundball, 56S, EV 75.6 MPH) (infield hit)
|
Batting: RHB Ed Oake
|
0-0: Called Strike 0-1: Ball 1-1: Called Strike 1-2: Ball 2-2: SINGLE (Line Drive, 8LS, EV 105.6 MPH) Oren Jones to second
|
Batting: LHB Ramon Vega
|
0-0: Swinging Strike 0-1: Foul Ball, location: 2F 0-2: Strikes out swinging
|
Batting: SHB Yutaro Takahashi
|
0-0: Called Strike 0-1: Ball 1-1: Foul Ball, location: 2F 1-2: Strikes out swinging
|
Batting: SHB Isaiah Scates
|
0-0: Foul Ball, location: 2F 0-1: Called Strike 0-2: Fly out, F9 (Line Drive, 9D, EV 90.0 MPH)
|
Bottom of the 5th over - 0 runs, 2 hits, 0 errors, 2 left on base; Los Angeles (NYP) 0 - Tri-City 1 |
TOP OF THE 6TH |
Los Angeles (NYP) Dodgers batting - Pitching for Tri-City Dust Devils : RHP Nick Goodlow
|
Batting: SHB Josh Vaill
|
0-0: Swinging Strike 0-1: Ball 1-1: Foul Ball, location: 2F 1-2: Strikes out swinging
|
Batting: LHB Bobby Gambrell
|
0-0: Ball 1-0: Called Strike 1-1: Ball 2-1: Called Strike 2-2: Fly out, F8 (Flyball, 8LD, EV 98.8 MPH)
|
Batting: RHB Chad Rojas
|
0-0: Foul Ball, location: 2F 0-1: Ball 1-1: Swinging Strike 1-2: Ball 2-2: Foul Ball, location: 2F 2-2: Strikes out swinging
|
Top of the 6th over - 0 runs, 0 hits, 0 errors, 0 left on base; Los Angeles (NYP) 0 - Tri-City 1 |
BOTTOM OF THE 6TH |
Tri-City Dust Devils batting - Pitching for Los Angeles (NYP) Dodgers : RHP Loc Pham
|
Batting: RHB Hector Fernandez
|
0-0: Swinging Strike 0-1: Ball 1-1: DOUBLE (Line Drive, 7LM, EV 93.1 MPH)
|
Batting: LHB Phil Lerner
|
0-0: Called Strike 0-1: Ball 1-1: Ground out 4-3 (Groundball, 4, EV 107.5 MPH) Hector Fernandez to third
|
Pitching: RHP Angel Rivas
|
|
Batting: RHB Phil McFadden
|
0-0: Ball 1-0: Ball 2-0: Ball 3-0: Called Strike 3-1: Called Strike 3-2: Strikes out swinging
|
Batting: RHB Max Stillo
|
0-0: Foul Ball, location: 2F 0-1: Ball 1-1: SINGLE (Line Drive, 34, EV 100.0 MPH) Hector Fernandez scores
|
Batting: RHB Oren Jones
|
0-0: Called Strike 0-1: Called Strike 0-2: Strikes out looking
|
Bottom of the 6th over - 1 run, 2 hits, 0 errors, 1 left on base; Los Angeles (NYP) 0 - Tri-City 2 |
TOP OF THE 7TH |
Los Angeles (NYP) Dodgers batting - Pitching for Tri-City Dust Devils : RHP Nick Goodlow
|
Batting: RHB Adam Maczko
|
0-0: Called Strike 0-1: Swinging Strike 0-2: Ball 1-2: Strikes out looking
|
Batting: RHB Tommy Hunter
|
0-0: Ball 1-0: Ball 2-0: Fly out, F8 (Flyball, 89M, EV 72.5 MPH)
|
Batting: RHB Juan Gallegos
|
0-0: Swinging Strike 0-1: Ball 1-1: Called Strike 1-2: Ball 2-2: Foul Ball, location: 2F 2-2: Ground out 3-1 (Groundball, 34S, EV 85.0 MPH)
|
Top of the 7th over - 0 runs, 0 hits, 0 errors, 0 left on base; Los Angeles (NYP) 0 - Tri-City 2 |
BOTTOM OF THE 7TH |
Tri-City Dust Devils batting - Pitching for Los Angeles (NYP) Dodgers : RHP Angel Rivas
|
Batting: RHB Ed Oake
|
0-0: Ball 1-0: Called Strike 1-1: Swinging Strike 1-2: Ball 2-2: Foul Ball, location: 2F 2-2: Foul Ball, location: 2F 2-2: Ground out 4-3 (Groundball, 4D, EV 90.0 MPH)
|
Batting: LHB Ramon Vega
|
0-0: Foul Ball, location: 2F 0-1: Ball 1-1: Ground out 4-3 (Groundball, 4, EV 80.0 MPH)
|
Batting: SHB Yutaro Takahashi
|
0-0: Ball 1-0: Ball 2-0: Ball 3-0: Base on Balls
|
Batting: SHB Isaiah Scates
|
0-0: Ball Yutaro Takahashi steals 2nd, throwing error, E2 Yutaro Takahashi to third 1-0: Called Strike 1-1: Called Strike 1-2: Strikes out swinging
|
Bottom of the 7th over - 0 runs, 0 hits, 1 error, 1 left on base; Los Angeles (NYP) 0 - Tri-City 2 |
TOP OF THE 8TH |
Los Angeles (NYP) Dodgers batting - Pitching for Tri-City Dust Devils : RHP Nick Goodlow
|
Pitching: RHP Hisatada Sekiguchi
|
|
Batting: RHB Manny Mendoza
|
0-0: Called Strike 0-1: Ball 1-1: Ball 2-1: Ball 3-1: Foul Ball, location: 2F 3-2: Base on Balls
|
Batting: LHB Fernão Manta
|
0-0: Ball 1-0: Ball 2-0: Foul Ball, location: 2F 2-1: Ball 3-1: Base on Balls Manny Mendoza to second
|
Batting: RHB Brad Brady
|
0-0: Ball 1-0: Called Strike 1-1: Foul Ball, location: 2F 1-2: Ball 2-2: Strikes out swinging
|
Batting: SHB Josh Vaill
|
0-0: Swinging Strike 0-1: Foul Ball, location: 2F 0-2: Strikes out swinging
|
Batting: LHB Bobby Gambrell
|
0-0: Swinging Strike 0-1: Swinging Strike 0-2: Foul Ball, location: 2F 0-2: Strikes out looking
|
Top of the 8th over - 0 runs, 0 hits, 0 errors, 2 left on base; Los Angeles (NYP) 0 - Tri-City 2 |
BOTTOM OF THE 8TH |
Tri-City Dust Devils batting - Pitching for Los Angeles (NYP) Dodgers : RHP Angel Rivas
|
Pitching: RHP Balinda Msrah
|
|
Batting: RHB Hector Fernandez
|
0-0: Swinging Strike 0-1: SINGLE (Flyball, 34D, EV 88.1 MPH)
|
Batting: LHB Phil Lerner
|
0-0: Ball 1-0: Foul Ball, location: 2F 1-1: Foul Ball, location: 2F 1-2: Ball 2-2: Ball 3-2: Fly out, F6 (Popup, 15S, EV 84.4 MPH)
|
Batting: RHB Phil McFadden
|
0-0: Called Strike 0-1: Ball 1-1: Called Strike 1-2: SINGLE (Groundball, 6S, EV 61.9 MPH) (infield hit) Hector Fernandez to second
|
Batting: RHB Max Stillo
|
0-0: Ball 1-0: Called Strike 1-1: Ball 2-1: Fly out, F9 (Flyball, 89M, EV 87.5 MPH)
|
Batting: RHB Oren Jones
|
0-0: Called Strike 0-1: Fielders Choice at 2nd, 6-4 (Groundball, 6, EV 81.2 MPH)
|
Bottom of the 8th over - 0 runs, 2 hits, 0 errors, 2 left on base; Los Angeles (NYP) 0 - Tri-City 2 |
TOP OF THE 9TH |
Los Angeles (NYP) Dodgers batting - Pitching for Tri-City Dust Devils : RHP Hisatada Sekiguchi
|
Pitching: RHP Josh Mott
|
|
Batting: RHB Chad Rojas
|
0-0: Ball 1-0: Ball 2-0: Ball 3-0: Called Strike 3-1: Foul Ball, location: 2F 3-2: Foul Ball, location: 2F 3-2: SINGLE (Line Drive, 8LS, EV 99.4 MPH)
|
Batting: RHB Adam Maczko
|
0-0: Ball 1-0: Foul Ball, location: 2F 1-1: Fly out, F3 (Popup, 23F, EV 81.9 MPH)
|
Batting: RHB Tommy Hunter
|
0-0: Ball 1-0: Swinging Strike 1-1: SINGLE (Groundball, 56D, EV 110.0 MPH) Chad Rojas to second
|
Batting: RHB Juan Gallegos
|
0-0: Called Strike 0-1: Called Strike 0-2: Ball 1-2: Ball 2-2: Ball 3-2: Fly out, F7 (Flyball, 7D, EV 83.1 MPH) Runner from 2nd tags up, SAFE at 3rd, no throw by LF
|
Batting: RHB Manny Mendoza
|
0-0: Ball 1-0: Called Strike 1-1: Ball 2-1: Foul Ball, location: 2F 2-2: Strikes out swinging
|
Top of the 9th over - 0 runs, 2 hits, 0 errors, 2 left on base; Los Angeles (NYP) 0 - Tri-City 2 |
|